[Event "ICC Open 2015"]
[Site "Internet Chess Club"]
[Date "2015.05.30"]
[Round "10"]
[White "Hareaum"]
[Black "Sjelan"]
[Result "0-1"]
[ICCResult "White checkmated"]
[WhiteElo "1783"]
[BlackElo "2103"]
[Opening "Sicilian: Steinitz variation"]
[ECO "B20"]
[NIC "SI.48"]
[Time "20:37:32"]
[TimeControl "180+0"]

1. e4 c5 2. g3 d6 3. Bg2 Nf6 4. Ne2 Nc6 5. c3 e6 6. d4 cxd4 7. Nxd4 Be7 8.
Nxc6 bxc6 9. e5 Nd5 10. c4 Nb4 11. a3 Qa5 12. Bd2 Nd3+ 13. Ke2 Qxe5+ 14. Be3
Nxb2 15. Qd4 Bd7 16. Qxe5 dxe5 17. Rc1 f5 18. Rc2 Rb8 19. Nc3 Nxc4 20. Bxa7
Ra8 21. Be3 Nxe3 22. fxe3 Rxa3 23. Rxa3 Bxa3 24. Ra2 Be7 25. Ra8+ Bd8 26.
Ra7 e4 27. Na4 c5 28. Nxc5 Bb5+ 29. Kf2 O-O 30. Nxe6 Re8 31. Nd4 Bb6 32. Rb7
Bxd4 33. Rxb5 Be5 34. Bh3 g6 35. g4 f4 36. exf4 Bxf4 37. Bg2 e3+ 38. Ke2
Bxh2 39. Bd5+ Kg7 40. Bc4 Bg1 41. Kf1 Bf2 42. Ke2 Rf8 43. Rb7+ Kh6 44. Rb5
Bh4 45. Kxe3 Bg5+ 46. Ke4 Rf4+ 47. Kd3 Rxg4 48. Be6 Rg3+ 49. Ke4 Re3+ 50.
Kd5 Rf3 51. Kc6 Rf6 52. Kd7 Bf4 53. Rb4 g5 54. Ke7 Kg6 55. Rb5 h5 56. Bd7 g4
57. Be6 g3 58. Rb4 Kg5 59. Rb2 h4 60. Rg2 Rxe6+ 61. Kxe6 Kg4 62. Re2 h3 63.
Kd5 Kf3 64. Re1 g2 65. Rd1 Be3 66. Rb1 g1=Q 67. Rxg1 Bxg1 68. Ke5 h2 69. Kf5
h1=Q 70. Ke6 Qg2 71. Kd5 Qf2 72. Ke6 Ke2 73. Kd5 Qd4+ 74. Ke6 Qc5 75. Kf6
Qd5 76. Ke7 Qc6 77. Kd8 Qb7 78. Ke8 Ke3 79. Kf8 Ke4 80. Kg8 Ke5 81. Kh8 Kf6
82. Kg8 Qg7# {White checkmated} 0-1

[Event "ICC Open 2015"]
[Site "Internet Chess Club"]
[Date "2015.05.30"]
[Round "10"]
[White "Ricardov"]
[Black "LordProtector"]
[Result "1/2-1/2"]
[ICCResult "Game drawn because neither player has mating material"]
[WhiteElo "2381"]
[BlackElo "2959"]
[Opening "Sicilian: Grand Prix attack"]
[ECO "B23"]
[NIC "SI.44"]
[Time "20:37:04"]
[TimeControl "180+0"]

1. e4 c5 2. Nc3 Nc6 3. f4 g6 4. Nf3 Bg7 5. Bb5 Nd4 6. Bd3 e6 7. Nxd4 cxd4 8.
Nb5 d6 9. c3 dxc3 10. dxc3 a6 11. Qa4 Ke7 12. Qa3 Nf6 13. e5 Ne8 14. Be3 Bf8
15. O-O-O f6 16. Nxd6 Nxd6 17. Bc5 Kf7 18. Bxd6 Bxd6 19. exd6 Bd7 20. Be4
Qb6 21. Rhe1 Rac8 22. Qb3 Qxb3 23. axb3 Rb8 24. Bf3 Rhc8 25. Kb1 Rc5 26. b4
Rc4 27. Re4 Rxe4 28. Bxe4 b6 29. Ka2 a5 30. bxa5 bxa5 31. c4 Rc8 32. Rc1 Rc5
33. Ka3 f5 34. Bf3 h6 35. b4 axb4+ 36. Kxb4 Rc8 37. c5 Rb8+ 38. Ka3 Bb5 39.
c6 Rb6 40. c7 Bd7 41. c8=Q Bxc8 42. Rxc8 Rxd6 43. Rc1 Rd4 44. Rc3 Rxf4 45.
Kb3 g5 46. g3 Rd4 47. Bd1 Kf6 48. Bc2 Rd2 49. h4 gxh4 50. gxh4 Rh2 51. Rc6
Rxh4 52. Rc8 Rh3+ 53. Kb4 Rh4+ 54. Kb5 Rf4 55. Bb3 h5 56. Bc4 h4 57. Rd8 Ke5
58. Rh8 Rg4 59. Rh6 Kf4 60. Rh8 h3 61. Rh7 Rg3 62. Rh8 Rc3 63. Rh6 Kg3 64.
Bxe6 h2 65. Bxf5 Rb3+ 66. Kc4 Rf3 67. Be4 Rf4 68. Kd4 Rxe4+ 69. Kxe4 Kg2 70.
Rxh2+ Kxh2 {Game drawn because neither player has mating material} 1/2-1/2

[Event "ICC Open 2015"]
[Site "Internet Chess Club"]
[Date "2015.05.30"]
[Round "10"]
[White "Chaos23"]
[Black "HPG1947"]
[Result "1-0"]
[ICCResult "Black forfeits on time"]
[WhiteElo "2006"]
[BlackElo "1746"]
[Opening "English opening"]
[ECO "A30"]
[NIC "QP.11"]
[Time "20:38:33"]
[TimeControl "180+0"]

1. Nf3 Nf6 2. c4 c5 3. b4 cxb4 4. a3 bxa3 5. Bxa3 d6 6. Nc3 g6 7. e4 Bg7 8.
d4 O-O 9. Be2 Nc6 10. O-O Bg4 11. d5 Nb8 12. Qb3 b6 13. Bb2 Nbd7 14. Ra2 Nc5
15. Qc2 Bxf3 16. Bxf3 Nfd7 17. Nb5 Ne5 18. Be2 a6 19. Nd4 g5 20. h4 h6 21.
hxg5 hxg5 22. f4 gxf4 23. Rxf4 Ng6 24. Nc6 Qc7 25. Rg4 Be5 26. Bxe5 dxe5 27.
Qc1 Kg7 28. Qg5 Rae8 29. g3 Rh8 30. Bf1 a5 31. Rf2 Qd6 32. Rf5
{Black forfeits on time}
1-0

[Event "ICC Open 2015"]
[Site "Internet Chess Club"]
[Date "2015.05.30"]
[Round "10"]
[White "awesome5123"]
[Black "RJoseph12"]
[Result "1-0"]
[ICCResult "Black forfeits on time"]
[WhiteElo "1547"]
[BlackElo "1236"]
[Opening "Scotch gambit"]
[ECO "C44"]
[NIC "SO.06"]
[Time "20:36:26"]
[TimeControl "180+0"]

1. e4 e5 2. Nf3 Nc6 3. d4 exd4 4. Bc4 Bb4+ 5. c3 dxc3 6. bxc3 Bc5 7. Bg5 f6
8. Bh4 Nge7 9. O-O Ng6 10. Bg3 d6 11. Re1 Qe7 12. Nbd2 Be6 13. Bxe6 Qxe6 14.
Nb3 Bb6 15. Nbd4 Nxd4 16. cxd4 O-O 17. d5 Qd7 18. Rc1 Ne5 19. Nxe5 fxe5 20.
Rf1 Rf7 21. Qc2 Raf8 22. Kh1 Rf6 23. h3 Qf7 24. f3 Rg6 25. Bh2 Qf6 26. Bg1
Bxg1 27. Rxg1 Rf7 28. Qb3 b6 29. Qa4 a5 30. Qe8+ Rf8 31. Qe6+ Qxe6 32. dxe6
Rxe6 33. Rxc7 Rb8 34. Rc6 b5 35. Rb1 b4 36. a3 b3 37. Rc3 a4 38. Rc4 Ra8 39.
Rb4 Re7 40. Kh2 Rd7 41. Rd1 Kf7 42. Kg3 Kf6 43. Kg4 g6 44. f4 exf4 45. Kxf4
Raa7 46. g4 Ke6 47. Ke3 Ke5 48. Rd5+ Ke6 49. Rdd4 Ke5 50. Kd2 Ke6 51. Kc3
Ke5 52. Rxa4 Rxa4 53. Rxa4 Rb7 54. Rb4 Rxb4 55. axb4 Kxe4 56. Kxb3 Kd5 57.
Kc3 Kc6 58. Kd4 Kb6 59. Kd5 Kb5 60. Kxd6 Kxb4 61. Ke6 Kc4 62. Kf7 Kd4 63.
Kg7 Ke3 64. Kxh7 Kf3 65. Kxg6 Kg3 66. g5 Kxh3 67. Kf7 Kg4 68. g6 Kg5 69. g7
Kf5 70. g8=Q Ke5 71. Qg6 Kd4 72. Qe6 Kd3 73. Ke7 Kd2 74. Kd7 Kc3 75. Qe5+
Kb3 76. Qf4 Kc3 77. Qe4 Kb3 78. Qh4 Kc3 79. Qh3+ {Black forfeits on time}
1-0

[Event "ICC Open 2015"]
[Site "Internet Chess Club"]
[Date "2015.05.30"]
[Round "10"]
[White "airantrobo"]
[Black "Smokie"]
[Result "1-0"]
[ICCResult "Black forfeits on time"]
[WhiteElo "1652"]
[BlackElo "1413"]
[Opening "QGD: exchange, positional line"]
[ECO "D35"]
[NIC "QO.16"]
[Time "20:38:38"]
[TimeControl "180+0"]

1. d4 d5 2. c4 e6 3. Nc3 Nf6 4. cxd5 exd5 5. Bg5 Be7 6. e3 c6 7. Nf3 Bg4 8.
h3 Bf5 9. Qb3 Qb6 10. Be2 Qxb3 11. axb3 Nbd7 12. O-O a6 13. Bf4 O-O 14. Na4
Ne4 15. Rac1 f6 16. Bh2 Rfc8 17. Nh4 Be6 18. f3 Nd2 19. e4 Nxf1 20. exd5
Bxd5 21. Bxf1 Bxb3 22. Nc3 g6 23. f4 Re8 24. f5 g5 25. Nf3 Nb6 26. Bd3 Nd5
27. Nxd5 Bxd5 28. Nd2 Bb4 29. Nc4 Bxc4 30. Bxc4+ Kg7 31. b3 Re3 32. d5 Rae8
33. dxc6 bxc6 34. Bxa6 Re1+ 35. Rxe1 Rxe1+ 36. Kf2 Kf7 37. Bc4+ Ke7 38. Bb8
c5 39. Bg3 Rc1 40. Bc7 h5 41. Bb6 Rc2+ 42. Kf3 Kd6 43. g4 h4 44. Bd8 Ke5 45.
Bc7+ Kd4 46. Bd8 Rc3+ 47. Kf2 Rxh3 48. Bxf6+ Ke4 49. Bxg5 Rf3+ 50. Kg2 h3+
51. Kg1 Bd2 52. f6 Bxg5 53. f7 Bh6 54. Ba6 Bf8 55. Bb7+ Kf4 56. Bxf3 Kxf3
57. g5 Kg3 58. g6 Bg7 59. Kh1 h2 60. f8=Q Bxf8 61. g7 Bxg7 62. b4 c4 63. b5
{Black forfeits on time}
1-0

[Event "ICC Open 2015"]
[Site "Internet Chess Club"]
[Date "2015.05.30"]
[Round "11"]
[White "NAS"]
[Black "FZI88"]
[Result "0-1"]
[ICCResult "White resigns"]
[WhiteElo "1728"]
[BlackElo "2212"]
[Opening "French: Winawer, advance variation"]
[ECO "C16"]
[NIC "FR.09"]
[Time "20:46:12"]
[TimeControl "180+0"]

1. e4 e6 2. d4 d5 3. Nc3 Bb4 4. e5 Ne7 5. a3 Bxc3+ 6. bxc3 b6 7. f4 Ba6 8.
Nf3 Bxf1 9. Rxf1 Qd7 10. a4 Nbc6 11. Ba3 Nf5 12. g4 Ne3 13. Qe2 Nxf1 14.
Qxf1 Na5 {White resigns} 0-1

[Event "ICC Open 2015"]
[Site "Internet Chess Club"]
[Date "2015.05.30"]
[Round "11"]
[White "capperuccio"]
[Black "Immortal-Man"]
[Result "1-0"]
[ICCResult "Black resigns"]
[WhiteElo "1799"]
[BlackElo "1538"]
[Opening "Queen's pawn"]
[ECO "A40"]
[NIC "QO.17"]
[Time "20:46:28"]
[TimeControl "180+0"]

1. d4 e6 2. Nf3 f5 3. c4 Nf6 4. g3 b6 5. Bg2 Bb7 6. Nc3 Bb4 7. O-O O-O 8.
Qb3 Bxc3 9. bxc3 Ne4 10. c5 d6 11. cxd6 cxd6 12. Qxe6+ Kh8 13. Qb3 Nd7 14.
Ba3 Rf7 15. Qxf7 {Black resigns} 1-0

[Event "ICC Open 2015"]
[Site "Internet Chess Club"]
[Date "2015.05.30"]
[Round "11"]
[White "xwang1"]
[Black "a-rubinstein"]
[Result "1-0"]
[ICCResult "Black resigns"]
[WhiteElo "1898"]
[BlackElo "2114"]
[Opening "Sicilian: Canal-Sokolsky attack, Sokolsky variation"]
[ECO "B52"]
[NIC "SI.01"]
[Time "20:45:54"]
[TimeControl "180+0"]

1. e4 c5 2. Nf3 d6 3. Bb5+ Bd7 4. Bxd7+ Qxd7 5. c4 Qg4 6. O-O Qxe4 7. d4 Qg4
8. dxc5 dxc5 9. Nc3 Nc6 10. Nb5 Rc8 11. Re1 Nf6 12. Nd6+ {Black resigns} 1-0

[Event "ICC Open 2015"]
[Site "Internet Chess Club"]
[Date "2015.05.30"]
[Round "11"]
[White "leonardoalmeida"]
[Black "Ohanessian"]
[Result "0-1"]
[ICCResult "White resigns"]
[WhiteElo "1898"]
[BlackElo "2038"]
[Opening "English: Anglo-Dutch defense"]
[ECO "A10"]
[NIC "HD.14"]
[Time "20:45:42"]
[TimeControl "180+0"]

1. c4 f5 2. Nc3 Nf6 3. g3 g6 4. Bg2 Bg7 5. e3 O-O 6. Nge2 d6 7. d4 Nc6 8.
Nd5 Ne4 9. Bxe4 fxe4 10. a3 e6 11. Ndc3 d5 12. cxd5 exd5 13. Qb3 Ne7 14.
Nxe4 Bg4 15. N4c3 c6 16. O-O Qd7 17. Nf4 Bf3 18. h4 Rxf4 19. exf4 Qh3
{White resigns}
0-1

[Event "ICC Open 2015"]
[Site "Internet Chess Club"]
[Date "2015.05.30"]
[Round "11"]
[White "TravisMcGee"]
[Black "jonesey"]
[Result "0-1"]
[ICCResult "White resigns"]
[WhiteElo "1623"]
[BlackElo "1942"]
[Opening "Queen's pawn: London system"]
[ECO "A45"]
[NIC "QP.07"]
[Time "20:46:55"]
[TimeControl "180+0"]

1. d4 Nf6 2. Bf4 c5 3. d5 Qb6 4. Nc3 Qxb2 5. Bd2 Qb6 6. e4 d6 7. Rb1 Qd8 8.
Nf3 g6 9. Bc4 Nbd7 10. O-O Bg7 11. Qe2 O-O 12. e5 Nxe5 13. Nxe5 dxe5 14.
Qxe5 a6 15. Rfe1 Re8 16. Bg5 b5 17. Bb3 c4 {White resigns} 0-1

[Event "ICC Open 2015"]
[Site "Internet Chess Club"]
[Date "2015.05.30"]
[Round "11"]
[White "RobbieWilliams"]
[Black "guibiazotto"]
[Result "1-0"]
[ICCResult "Black checkmated"]
[WhiteElo "1769"]
[BlackElo "1650"]
[Opening "Pirc defense"]
[ECO "B07"]
[NIC "PU.04"]
[Time "20:46:47"]
[TimeControl "180+0"]

1. d4 Nf6 2. Nc3 g6 3. e4 d6 4. f3 Bg7 5. Be3 e5 6. Nge2 O-O 7. Qd2 exd4 8.
Nxd4 Bd7 9. O-O-O Nc6 10. Kb1 Nxd4 11. Bxd4 Bc6 12. g4 Re8 13. h4 a5 14. h5
b5 15. hxg6 fxg6 16. Nxb5 Bxb5 17. Bxb5 Rf8 18. Bc4+ Kh8 19. Rh3 c6 20. Rdh1
h6 21. Bxf6 Rxf6 22. Rxh6+ Bxh6 23. Qxh6# {Black checkmated} 1-0

[Event "ICC Open 2015"]
[Site "Internet Chess Club"]
[Date "2015.05.30"]
[Round "11"]
[White "weezil"]
[Black "shredded"]
[Result "0-1"]
[ICCResult "White resigns"]
[WhiteElo "1918"]
[BlackElo "2696"]
[Opening "Trompowsky attack (Ruth, Opocenský opening)"]
[ECO "A45"]
[NIC "QP.07"]
[Time "20:45:38"]
[TimeControl "180+0"]

1. d4 Nf6 2. Bg5 d5 3. e3 Bf5 4. Bd3 Bxd3 5. cxd3 e6 6. Nc3 Be7 7. Nf3 O-O
8. O-O Nbd7 9. a3 Rc8 10. Rc1 h6 11. Bh4 a6 12. Qb3 b6 13. h3 c5 14. Ne5
Nxe5 15. dxe5 Nd7 16. Bxe7 Qxe7 17. d4 cxd4 18. exd4 Rc4 19. Rfd1 Rfc8 20.
Ne2 b5 21. Rxc4 bxc4 22. Qa4 Rb8 23. Rb1 Qd8 24. Qxa6 Rb3 25. Qd6 Qc8 26.
Nc3 Rb6 27. Qe7 Nb8 28. f4 Nc6 29. Qh4 Nxd4 30. g4 Nf3+ {White resigns} 0-1

[Event "ICC Open 2015"]
[Site "Internet Chess Club"]
[Date "2015.05.30"]
[Round "11"]
[White "MichaelBluth"]
[Black "MasterZachary"]
[Result "1-0"]
[ICCResult "Black checkmated"]
[WhiteElo "2375"]
[BlackElo "2198"]
[Opening "Réti accepted"]
[ECO "A09"]
[NIC "RE.19"]
[Time "20:45:51"]
[TimeControl "180+0"]

1. Nf3 d5 2. c4 dxc4 3. e3 Nf6 4. Bxc4 e6 5. b3 Nc6 6. Bb2 Be7 7. Nc3 O-O 8.
a3 Nd5 9. Qc2 Bf6 10. g4 Nxc3 11. dxc3 e5 12. Rg1 h6 13. h4 Bxh4 14. g5 hxg5
15. Qg6 Qd6 16. Nxh4 Qxg6 17. Nxg6 Re8 18. Rxg5 Na5 19. Rh5 Nxc4 20. Rh8#
{Black checkmated}
1-0

[Event "ICC Open 2015"]
[Site "Internet Chess Club"]
[Date "2015.05.30"]
[Round "11"]
[White "orak"]
[Black "paulohaddad"]
[Result "0-1"]
[ICCResult "White resigns"]
[WhiteElo "1606"]
[BlackElo "1737"]
[Opening "Ruy Lopez: Wormald (Alapin) attack"]
[ECO "C77"]
[NIC "RL.12"]
[Time "20:45:48"]
[TimeControl "180+0"]

1. e4 e5 2. Nf3 Nc6 3. Bb5 a6 4. Ba4 Nf6 5. Qe2 b5 6. Bb3 d6 7. h3 Na5 8. c3
Nxb3 9. axb3 Be6 10. c4 c5 11. Nc3 b4 12. Nd5 Bxd5 13. cxd5 g6 14. O-O Qb6
15. Qc4 Bg7 16. d3 O-O 17. Be3 a5 18. Ra4 Nd7 19. Rfa1 f5 20. Nd2 f4 21.
Bxc5 Nxc5 22. Nf3 Nxa4 23. Rxa4 Rfc8 {White resigns} 0-1

[Event "ICC Open 2015"]
[Site "Internet Chess Club"]
[Date "2015.05.30"]
[Round "11"]
[White "Sebs"]
[Black "gmgattass"]
[Result "1-0"]
[ICCResult "Black resigns"]
[WhiteElo "2963"]
[BlackElo "2317"]
[Opening "Benoni: four pawns attack, main line"]
[ECO "A69"]
[NIC "BI.29"]
[Time "20:46:35"]
[TimeControl "180+0"]

1. d4 Nf6 2. c4 g6 3. Nc3 Bg7 4. e4 d6 5. f4 c5 6. d5 e6 7. Be2 exd5 8. cxd5
O-O 9. Nf3 Re8 10. Nd2 a6 11. a4 b6 12. O-O Ra7 13. Bf3 Rae7 14. Re1 h5 15.
h3 Nh7 16. Nc4 f5 17. e5 dxe5 18. d6 Re6 19. fxe5 Rxe5 20. Nxe5 Bxe5 21.
Qd5+ Be6 22. Qxe5 Bf7 23. Qg3 Rxe1+ 24. Qxe1 Qxd6 25. Be3 Bb3 26. Qd2 Qe7
27. Bd5+ Bxd5 28. Nxd5 Qe4 29. Nxb6 Nc6 30. Bxc5 Ne5 31. Re1 Qd3 32. Qxd3
Nxd3 33. Re8+ Kf7 34. Re7+ Kf6 35. Rxh7 {Black resigns} 1-0

[Event "ICC Open 2015"]
[Site "Internet Chess Club"]
[Date "2015.05.30"]
[Round "11"]
[White "LastKeks"]
[Black "Redbaron"]
[Result "1-0"]
[ICCResult "Black resigns"]
[WhiteElo "3053"]
[BlackElo "2454"]
[Opening "Caro-Kann: advance variation"]
[ECO "B12"]
[NIC "CK.04"]
[Time "20:46:35"]
[TimeControl "180+0"]

1. e4 c6 2. d4 d5 3. e5 Bf5 4. h4 h5 5. c4 e6 6. Nc3 Nd7 7. Nge2 Ne7 8. Ng3
Bg6 9. Bg5 Qb6 10. Qd2 dxc4 11. Bxc4 Nd5 12. O-O Bb4 13. a3 Bxc3 14. bxc3
Qa5 15. Rfc1 b5 16. Bd3 Bxd3 17. Qxd3 N7b6 18. a4 bxa4 19. c4 Qa6 20. Ne4
O-O 21. Nc5 Nb4 22. Qa3 Qa5 23. Bd2 {Black resigns} 1-0

[Event "ICC Open 2015"]
[Site "Internet Chess Club"]
[Date "2015.05.30"]
[Round "11"]
[White "RJoseph12"]
[Black "Ernie1"]
[Result "1/2-1/2"]
[ICCResult "Game drawn by mutual agreement"]
[WhiteElo "1239"]
[BlackElo "1296"]
[Opening "Caro-Kann: exchange variation"]
[ECO "B13"]
[NIC "CK.02"]
[Time "20:46:49"]
[TimeControl "180+0"]

1. e4 c6 2. d4 d5 3. exd5 cxd5 4. Bd3 Nf6 5. Nf3 Bg4 6. c3 e6 7. Be3 Bd6 8.
Nbd2 Qc7 9. h3 h5 10. hxg4 Nxg4 11. Be2 Bf4 12. Bxf4 Qxf4 13. Qc2 Nc6 14.
O-O-O Nxf2 15. Rh4 Qe3 16. Re1 g5 17. Rh2 Ng4 18. Rhh1 Nf2 19. Rh2 Ng4 20.
Rh3 Nf2 21. Rh2 Ng4 22. Rhh1 {Game drawn by mutual agreement} 1/2-1/2

[Event "ICC Open 2015"]
[Site "Internet Chess Club"]
[Date "2015.05.30"]
[Round "11"]
[White "Tyrel"]
[Black "oskarchess"]
[Result "1-0"]
[ICCResult "Black resigns"]
[WhiteElo "2118"]
[BlackElo "1845"]
[Opening "Queen's pawn: stonewall attack"]
[ECO "A45"]
[NIC "QP.07"]
[Time "20:46:07"]
[TimeControl "180+0"]

1. d4 Nf6 2. e3 d5 3. Bd3 e6 4. Nd2 Be7 5. f4 c5 6. c3 Nc6 7. Nh3 a6 8. O-O
b5 9. Nf2 b4 10. Nf3 bxc3 11. bxc3 cxd4 12. exd4 Qa5 13. Bd2 O-O 14. Ne5 Bb7
15. Qf3 g6 16. Rfe1 Rac8 17. Re2 Rc7 18. Qh3 Ne8 19. Qh6 Ng7 20. Re3 Nxd4
21. Rh3 Nh5 22. Rxh5 {Black resigns} 1-0

[Event "ICC Open 2015"]
[Site "Internet Chess Club"]
[Date "2015.05.30"]
[Round "11"]
[White "Sjelan"]
[Black "DMDIS"]
[Result "1-0"]
[ICCResult "Black resigns"]
[WhiteElo "2110"]
[BlackElo "1882"]
[Opening "Queen's pawn game"]
[ECO "D02"]
[NIC "QP.08"]
[Time "20:46:43"]
[TimeControl "180+0"]

1. d4 d5 2. Nf3 c6 3. c3 Bf5 4. Bf4 Nd7 5. Nbd2 e6 6. e3 Be7 7. Be2 Ngf6 8.
O-O Nh5 9. Ne5 Nxf4 10. exf4 h6 11. Ndf3 O-O 12. Nxd7 Qxd7 13. Ne5 Qc7 14.
Bd3 Bxd3 15. Qxd3 c5 16. dxc5 Bxc5 17. Kh1 Bd6 18. Rae1 Rad8 19. Re3 Bc5 20.
Rh3 Qb6 21. Qg3 Kh7 22. Ng4 Rh8 23. Rxh6+ Kg8 24. Nf6+ {Black resigns} 1-0

[Event "ICC Open 2015"]
[Site "Internet Chess Club"]
[Date "2015.05.30"]
[Round "11"]
[White "gibert"]
[Black "iragefree"]
[Result "0-1"]
[ICCResult "White resigns"]
[WhiteElo "1601"]
[BlackElo "1850"]
[Opening "Sicilian defense"]
[ECO "B40"]
[NIC "SI.43"]
[Time "20:46:10"]
[TimeControl "180+0"]

1. e4 c5 2. Nf3 e6 3. Bc4 Nc6 4. O-O Nf6 5. Re1 a6 6. c3 b5 7. Bb3 Be7 8. e5
Ng4 9. d4 cxd4 10. cxd4 O-O 11. h3 Nh6 12. Bxh6 gxh6 13. d5 Na5 14. dxe6
dxe6 15. Nc3 Nxb3 16. Qxb3 Bb7 17. Rad1 Qb6 18. Ne4 Bd5 19. Rxd5 exd5 20.
Nf6+ Bxf6 21. exf6 Qxf6 22. Qxd5 Rad8 23. Qh5 Rfe8 24. Ne5 Rd5 25. Qg4+ Kf8
26. f4 Qb6+ 27. Kh2 Rd2 28. Nd7+ Rxd7 {White resigns} 0-1

[Event "ICC Open 2015"]
[Site "Internet Chess Club"]
[Date "2015.05.30"]
[Round "11"]
[White "grancaruso"]
[Black "FytinFrank"]
[Result "0-1"]
[ICCResult "White resigns"]
[WhiteElo "1826"]
[BlackElo "2056"]
[Opening "Réti opening"]
[ECO "A11"]
[NIC "QP.11"]
[Time "20:46:07"]
[TimeControl "180+0"]

1. Nf3 c6 2. c4 f5 3. g3 Nf6 4. Bg2 e6 5. d4 d5 6. b3 Bd6 7. O-O Qe7 8. Nc3
O-O 9. Bb2 Nbd7 10. Qc2 Ne4 11. Nd2 Qf6 12. Ncxe4 fxe4 13. e3 e5 14. cxd5
cxd5 15. Rac1 a5 16. f3 exf3 17. Rxf3 Qe6 18. Rxf8+ Nxf8 19. dxe5 Bxe5 20.
Bxe5 Qxe5 21. Qc3 Qxc3 22. Bxd5+ Be6 23. Rxc3 Bxd5 24. Rc7 Ne6 25. Rd7 Bc6
26. Rd6 Nc5 27. Nc4 a4 28. Nb6 Ra6 29. Nxa4 Nxa4 30. bxa4 Rxa4 31. Rd2 Ra3
32. Kf2 Kf7 33. Rb2 Ke6 34. Rd2 Bd5 35. e4 Bxe4 36. Re2 Kf5 37. g4+ Kf4 38.
g5 Rf3+ 39. Ke1 Re3 {White resigns} 0-1

[Event "ICC Open 2015"]
[Site "Internet Chess Club"]
[Date "2015.05.30"]
[Round "11"]
[White "Champion"]
[Black "rovov"]
[Result "1-0"]
[ICCResult "Black checkmated"]
[WhiteElo "1930"]
[BlackElo "1674"]
[Opening "French: Marshall variation"]
[ECO "C10"]
[NIC "FR.04"]
[Time "20:45:57"]
[TimeControl "180+0"]

1. e4 e6 2. d4 d5 3. Nc3 c5 4. exd5 Qxd5 5. Nxd5 exd5 6. Nf3 cxd4 7. Nxd4
Nf6 8. Bb5+ Bd7 9. Bxd7+ Nbxd7 10. O-O O-O-O 11. Bg5 h6 12. Bxf6 Nxf6 13.
Qd3 h5 14. h3 g5 15. Qf5+ Nd7 16. Qxg5 Bc5 17. Qxd5 Bxd4 18. Qxd4 Rdg8 19.
Rfe1 h4 20. Re7 Rd8 21. Qxa7 Rhg8 22. Rxf7 Rdf8 23. Rxf8+ Rxf8 24. Rd1 Re8
25. Qa8+ Kc7 26. Qxe8 Nc5 27. Qe7+ Kb6 28. Qxh4 Na6 29. Rd6+ Ka7 30. Rxa6+
Kxa6 31. Qc4+ b5 32. Qxb5+ Kxb5 33. h4 Kc5 34. g4 Kd5 35. a4 Kc5 36. b3 Kd6
37. h5 Ke6 38. a5 Kf6 39. a6 Kg5 40. a7 Kxg4 41. a8=Q Kxh5 42. Qe4 Kg5 43.
b4 Kf6 44. b5 Kf7 45. b6 Kf6 46. b7 Kf7 47. b8=Q Kf6 48. Qb5 Kf7 49. Qec6
Ke7 50. Qbb7+ Kd8 51. Qcc8# {Black checkmated} 1-0

[Event "ICC Open 2015"]
[Site "Internet Chess Club"]
[Date "2015.05.30"]
[Round "11"]
[White "E4PlayerNow"]
[Black "LooneyBinJim"]
[Result "1-0"]
[ICCResult "Black resigns"]
[WhiteElo "2275"]
[BlackElo "1701"]
[Opening "QGD semi-Slav: 5.e3"]
[ECO "D45"]
[NIC "SL.08"]
[Time "20:45:58"]
[TimeControl "180+0"]

1. d4 d5 2. c4 c6 3. Nc3 Nf6 4. Nf3 e6 5. e3 Be7 6. Bd3 O-O 7. O-O Nbd7 8.
e4 dxe4 9. Nxe4 Nxe4 10. Bxe4 Nf6 11. Bc2 h6 12. Qd3 c5 13. Rd1 b6 14. b3
cxd4 15. Nxd4 Bb7 16. Qe2 Qc7 17. h3 Rad8 18. Bb2 Rfe8 19. Nb5 Qc6 20. f4 a6
21. Nd4 Qc7 22. Rf1 Bc5 23. Rad1 Rd7 24. Kh1 Red8 25. Nxe6 fxe6 26. Qxe6+
Kh8 27. Bxf6 Rxd1 28. Bxd1 gxf6 29. Qxf6+ Qg7 30. Qxd8+ Kh7 31. Bc2+
{Black resigns}
1-0

[Event "ICC Open 2015"]
[Site "Internet Chess Club"]
[Date "2015.05.30"]
[Round "11"]
[White "bugeyes"]
[Black "KVR"]
[Result "0-1"]
[ICCResult "White forfeits on time"]
[WhiteElo "1047"]
[BlackElo "1337"]
[Opening "Robatsch defense: two knights variation"]
[ECO "B06"]
[NIC "KF.05"]
[Time "20:45:50"]
[TimeControl "180+0"]

1. e4 g6 2. d4 Bg7 3. Nf3 d6 4. Nc3 e6 5. Bd3 Ne7 6. O-O Nbc6 7. Re1 b6 8.
e5 Bb7 9. exd6 Qxd6 10. Ne4 Qd7 11. Bf4 O-O-O 12. c4 Nxd4 13. Nxd4 Qxd4 14.
c5 Qxd3 15. Qb3 Qxb3 16. axb3 Bxb2 17. cxb6 Bxa1 {White forfeits on time}
0-1

[Event "ICC Open 2015"]
[Site "Internet Chess Club"]
[Date "2015.05.30"]
[Round "11"]
[White "marcocoimbra"]
[Black "Hareaum"]
[Result "0-1"]
[ICCResult "White checkmated"]
[WhiteElo "1426"]
[BlackElo "1787"]
[Opening "Bird's opening"]
[ECO "A03"]
[NIC "VO.07"]
[Time "20:46:29"]
[TimeControl "180+0"]

1. f4 d5 2. d4 c6 3. e3 Nf6 4. Bd3 Bg4 5. Be2 Bxe2 6. Qxe2 Ne4 7. Nd2 f5 8.
Nxe4 fxe4 9. c4 e6 10. Nh3 Qh4+ 11. Qf2 Qxf2+ 12. Nxf2 Bb4+ 13. Bd2 Bxd2+
14. Kxd2 Nd7 15. cxd5 exd5 16. g4 Nb6 17. b3 Rc8 18. Rac1 Kd7 19. h4 Rhf8
20. f5 g6 21. Rhf1 gxf5 22. gxf5 Rxf5 23. Ng4 Rcf8 24. Ke2 Rxf1 25. Rxf1
Rxf1 26. Kxf1 Ke6 27. Kg2 Nd7 28. b4 b6 29. Kg3 c5 30. bxc5 bxc5 31. dxc5
Nxc5 32. Kf4 Nd3+ 33. Kg5 Ne5 34. Kh6 Nxg4+ 35. Kxh7 Nxe3 36. h5 Nf5 37. h6
e3 38. Kg6 Nxh6 39. Kxh6 e2 40. Kg6 e1=Q 41. Kg7 Qf2 42. Kg8 Qf7+ 43. Kh8
Qe7 44. a4 Kf6 45. a5 Qf8+ 46. Kh7 Qg7# {White checkmated} 0-1

[Event "ICC Open 2015"]
[Site "Internet Chess Club"]
[Date "2015.05.30"]
[Round "11"]
[White "Borknagar"]
[Black "alric"]
[Result "0-1"]
[ICCResult "White resigns"]
[WhiteElo "1904"]
[BlackElo "1957"]
[Opening "Queen's pawn: Charlick (Englund) gambit"]
[ECO "A40"]
[NIC "QO.17"]
[Time "20:45:47"]
[TimeControl "180+0"]

1. d4 e5 2. dxe5 Nc6 3. Nf3 d6 4. exd6 Bxd6 5. g3 Bg4 6. Bg2 Qe7 7. O-O
O-O-O 8. Be3 Bxg3 9. hxg3 Rxd1 10. Rxd1 h5 11. Nbd2 Nf6 12. Re1 Nd5 13. Nc4
b5 14. Na3 Nxe3 15. fxe3 Qxe3+ 16. Kh2 h4 17. gxh4 Bxf3 18. Bxf3 Rxh4+ 19.
Kg2 Qg5+ 20. Kf2 Rh2+ 21. Kf1 Qg3 {White resigns} 0-1

[Event "ICC Open 2015"]
[Site "Internet Chess Club"]
[Date "2015.05.30"]
[Round "11"]
[White "karaivosa"]
[Black "EGK"]
[Result "1-0"]
[ICCResult "Black resigns"]
[WhiteElo "2321"]
[BlackElo "2145"]
[Opening "Scandinavian defense"]
[ECO "B01"]
[NIC "SD.03"]
[Time "20:46:13"]
[TimeControl "180+0"]

1. e4 d5 2. exd5 Nf6 3. Nc3 Nxd5 4. d4 Bf5 5. Nxd5 Qxd5 6. Nf3 e6 7. Be2 Nc6
8. O-O Be7 9. c4 Qd7 10. d5 exd5 11. cxd5 Nb4 12. Qb3 Bc2 13. Qc3 Be4 14.
Ne5 Qxd5 15. Bc4 Qa5 16. Bxf7+ Kf8 17. Bb3 Nc6 18. Nxc6 Qxc3 19. bxc3 Bxc6
20. Re1 Bf6 21. Ba3+ {Black resigns} 1-0